 Dungeon Crawl Stone Soup version 0.25-a0-1133-g93ebf739aa (webtiles) character file.

Game seed: 1195504686785274881, levelgen mode: deterministic

107 Flugslaktarn the Skirmisher (level 4, 0/29 HPs)
             Began as a Gargoyle Fighter on May 20, 2020.
             Slain by a worm (4 damage)
             ... on level 3 of the Dungeon.
             The game lasted 00:02:33 (535 turns).

Flugslaktarn the Skirmisher (Gargoyle Fighter)       Turns: 535, Time: 00:02:34

Health: 0/29       AC: 10    Str: 21    XL:     4   Next: 85%
Magic:  4/4        EV:  7    Int:  8    God:
Gold:   126        SH:  9    Dex:  9    Spells: 3/3 levels left

rFire    . . .     SeeInvis .   a - +0 war axe
rCold    . . .     Gourm    .   c - +0 kite shield
rNeg     + . .     Faith    .   b - +0 scale mail
rPois    ∞         Spirit   .   (no helmet)
rElec    +         Reflect  .   (no cloak)
rCorr    .         Harm     .   (no gloves)
MR       .....     Rnd*Tele +   (no boots)
Stlth    ..........             (no amulet)
HPRegen  0.09/turn              g - ring of teleportation (curse)
MPRegen  0.09/turn              f - ring of attention (curse)

@: mighty, very slightly contaminated
A: negative energy resistance 1, electricity resistance, unbreathing,
petrification resistance, rot immunity, AC +3
a: no special abilities


You were on level 3 of the Dungeon.
You were not hungry.

You visited 1 branch of the dungeon, and saw 3 of its levels.
You visited the Abyss 1 time.

You collected 126 gold pieces.

Inventory:

Hand Weapons
 a - a +0 war axe (weapon)
 d - a +0 dagger of chaos
   (You took it off a gnoll on level 3 of the Dungeon)
Armour
 b - a +0 scale mail (worn)
 c - a +0 kite shield (worn)
Jewellery
 f - a cursed ring of attention (right hand)
   (You found it on level 3 of the Dungeon)
 g - a cursed ring of teleportation (left hand)
   (You found it on level 1 of the Dungeon)
Potions
 h - a potion of mutation {unknown}
 q - a potion of curing
Comestibles
 e - 3 rations
 i - a chunk of flesh


   Skills:
 + Level 3.9 Fighting
 * Level 3.1 Axes
 + Level 3.9 Armour
 + Level 3.9 Shields


You had 3 spell levels left.
You didn't know any spells.
Your spell library was empty.

Dungeon Overview and Level Annotations

Branches:
Dungeon (3/15)

Altars:


Innate Abilities, Weirdness & Mutations

You are resistant to torment.
Your stone body is resilient. (AC +3)
You are immune to poison.
You resist negative energy. (rN+)
You are resistant to electric shocks. (rElec)
You can survive without breathing.
You are immune to petrification.
You are immune to rotting.


Message History

Things that are here:
a chunk of flesh; a hobgoblin skeleton Unknown command.
You see here a +0 dagger of chaos.
d - a +0 dagger of chaos You flicker for a moment.
Things that are here:
a chunk of flesh; a hobgoblin skeleton
i - a chunk of flesh The worm barely misses you.
You strike the helpless worm from behind!
You slash the worm!
The worm is severely wounded.
You flicker back into view.
The worm bites you.
* * * LOW HITPOINT WARNING * * *
You barely miss the worm.
The worm is heavily wounded.
The worm bites you.
You die...

# #.......# ## ##........#
..# ##.........#
...#############....
#....#
.........##......####....#
##...........##.....#....#
#.........................
#........@............#...
#$.....÷..w...............
#..^.....##.....###...#...
#.....†..##.....# #...#..>
###....####.....# #####...
#....# ####### #... #....#
#... #....# #### #....# #


You could see a worm.

Vanquished Creatures
  A small abomination (Abyss:1)
  A gnoll (D:3)
  A worm (D:2)
  A dart slug (D:2)
  An orc (D:3)
  5 bats
  3 goblins (D:2)
  6 hobgoblins
  A ball python (D:2)
  A frilled lizard (D:2)
  3 kobolds
  7 rats
31 creatures vanquished.

Notes
Turn   | Place    | Note
-------+----------+-------------------------------------------
     0 | D:1      | Flugslaktarn the Gargoyle Fighter began the quest for the
                  | Orb.
     0 | D:1      | Reached XP level 1. HP: 14/14 MP: 1/1
   228 | D:2      | Reached XP level 2. HP: 18/19 MP: 2/2
   296 | D:2      | Reached XP level 3. HP: 7/23 MP: 3/3
   477 | D:3      | Cast into level 1 of the Abyss (gnoll)
   508 | Abyss:1  | Noticed a small abomination
   518 | Abyss:1  | Killed a small abomination
   518 | Abyss:1  | Reached XP level 4. HP: 6/29 MP: 4/4
   520 | D:3      | Escaped the Abyss
   535 | D:3      | Slain by a worm

Illustrated notes

Levels and vault maps discovered:
D:1:      dpeg_arrival_arbitrary_a, layout_basic
D:2:      layout_rooms, minmay_unequal
D:3:      layout_basic, minivault_24, tgw_xom

Skill      XL: |  1  2  3 |
---------------+----------+-----
Axes           | 2 3 |  3.1
Fighting       | |  3.9
Armour         | |  3.9
Shields        | |  3.9

Action                   |  1- 3 |  4- 6 || total
-------------------------+-------+-------++-------
Melee: War axe           |    80 |     5 ||    85
  Use: Scroll            |     3 |       ||     3
       Potion            |     2 |       ||     2
 Stab: Invisible         |       |     2 ||     2
Armor: Scale mail        |    70 |     3 ||    73
Dodge: Dodged            |    43 |     1 ||    44
Block: Kite shield       |    62 |     3 ||    65

Table legend:
 A = Non-vault XP
 B = Vault XP
 C = Vault XP percentage of total XP
 D = Non-vault monster count
 E = Vault monster count
 F = Vault count percentage of total count
                 A         B        C        D         E       F
            +---------+---------+-------+---------+---------+-------
      Total |     139 |      14 |   9.2 |      30 |       1 |   3.2
            +---------+---------+-------+---------+---------+-------
        D:1 |       9 |       0 |   0.0 |       6 |       0 |   0.0
        D:2 |      30 |       0 |   0.0 |      15 |       0 |   0.0
        D:3 |      13 |      14 |  51.9 |       8 |       1 |  11.1
    Abyss:1 |      87 |       0 |   0.0 |       1 |       0 |   0.0
            +---------+---------+-------+---------+---------+-------
